 Dungeon Crawl Stone Soup version 0.31-a0-38-g1548c4f2a5 (webtiles) character file.

Game seed: 12752307806758032580

360 Darius099 the Cleaver (level 6, -1/52 HPs)
             Began as a Minotaur Fighter on May 16, 2023.
             Slain by an ogre
             ... wielding a +0 giant club
              (29 damage)
             ... on level 4 of the Dungeon on May 17, 2023.
             The game lasted 00:17:36 (2557 turns).

Darius099 the Cleaver (Minotaur Fighter)            Turns: 2557, Time: 00:17:36

Health: -1/52      AC: 11    Str: 23    XL:     6   Next: 38%
Magic:  5/5        EV:  8    Int:  5    God:
Gold:   167        SH:  5    Dex: 12    Spells: 5/5 levels left

rFire   . . .        k - +5 mace (heavy)
rCold   . . .        c - +0 buckler
rNeg    . . .        n - +1 chain mail of Foorashre {Rampage rElec Regen+ Dex-3}
rPois   .            (helmet restricted)
rElec   +            (no cloak)
rCorr   .            f - +0 pair of gloves
SInv    .            (no boots)
Will    .....        (no amulet) Stlth
                     b - +6 ring of dexterity
HPRegen 1.08/turn    (no ring)
MPRegen 0.09/turn

%: rampage
@: no status effects
A: horns 2, retaliatory headbutt
a: no special abilities


You were on level 4 of the Dungeon.
You visited 1 branch of the dungeon, and saw 4 of its levels.

You collected 277 gold pieces.
You spent 110 gold pieces at shops.

Inventory:

Hand Weapons
 a - a +0 war axe
 k - a +5 heavy mace (weapon)
Armour
 c - a +0 buckler (worn)
 f - a +0 pair of gloves (worn)
 g - a +0 plate armour
 n - the +1 chain mail of Foorashre (worn) {Rampage rElec Regen+ Dex-3}
   (You found it on level 3 of the Dungeon)

   Dex:       It affects your dexterity (-3).
   rElec:     It insulates you from electricity.
   Regen:     It increases your rate of health regeneration.
   Rampage:   It bestows one free step when moving towards enemies.
Jewellery
 b - a +6 ring of dexterity (left hand)
Scrolls
 h - 2 scrolls of fear {unknown}
 l - a scroll of immolation {unknown}
 m - a scroll of identify {unknown}
 p - a scroll of teleportation {unknown}
 q - a scroll of vulnerability {unknown}
 r - a scroll of fog {unknown}
 s - a scroll of summoning {unknown}
 u - a scroll of poison {unknown}
Potions
 d - a potion of might
 e - 2 potions of ambrosia {unknown}
 i - 2 potions of mutation {unknown}
 j - a potion of curing {unknown}
 o - a potion of lignification {unknown}
 t - a potion of resistance {unknown}
 v - a potion of cancellation {unknown}


   Skills:
 - Level 3.8 Fighting
 + Level 8.0 Axes
 - Level 3.8 Armour
 - Level 3.8 Shields


You had 5 spell levels left.
You didn't know any spells.
Your spell library contained the following spells:

 Spells                   Type           Power      Damage    Failure   Level
 Foxfire                  Conj/Fire      0%         2x1d4     98%         1
 Slow                     Hex            0%         N/A       98%         1
 Sting                    Tmut/Pois      0%         1d3       98%         1
 Blink                    Tloc           0%         N/A       99%         2
 Cigotuvi's Dreadful Rot  Necr/Pois/Air  0%         N/A       99%         2
 Lesser Beckoning         Tloc           0%         N/A       99%         2
 Momentum Strike          Conj/Tloc      0%         3d8       99%         2
 Poisonous Vapours        Pois/Air       0%         N/A       99%         2
 Confusing Touch          Hex            0%         N/A       100%        3
 Ignite Poison            Fire/Tmut/Pois 0%         N/A       100%        3
 Vampiric Draining        Necr           0%         2d6       100%        3
 Olgreb's Toxic Radiance  Pois           0%         N/A       100%        4
 Fireball                 Conj/Fire      0%         3d3       100%        5
 Freezing Cloud           Conj/Ice/Air   0%         6-21      100%        5
 Plasma Beam              Fire/Air       0%         2x1d11    100%        6
 Starburst                Conj/Fire      0%         6d3       100%        6


Dungeon Overview and Level Annotations

Branches:
Dungeon (4/15)
 Temple: D:4-7

Altars:
Fedhas

Shops:
D:3 [   D:4 *(*!


Innate Abilities, Weirdness & Mutations

You have a pair of horns on your head.
You reflexively headbutt those who attack you in melee.


Message History

The hobgoblin shouts!
An adder comes into view.
There are monsters nearby!
The adder hisses angrily.
You closely miss the adder. You block the adder's attack.
The adder barely misses you. You furiously retaliate!
You headbutt the adder! You sock the adder!
You kill the adder!
The hobgoblin hits you but does no damage.
Your Axes skill increases to level 8!
You sock the hobgoblin!
You kill the hobgoblin!
No target in view!
No target in view!
No target in view!
No target in view!
An endoplasm comes into view.
You see here a blue potion.
An endoplasm is nearby!
v - a blue potion You rampage towards the endoplasm!
You hit the endoplasm.
The endoplasm is severely wounded.
The endoplasm hits you but does no damage.
You block the endoplasm's attack.
You sock the endoplasm!
You kill the endoplasm!
No target in view!
No target in view!
No target in view!
Found 2 stones.
Found a stone staircase leading down.
Found a ring mail.
You see here a +0 ring mail.
An ogre comes into view. It is wielding a +0 giant club.
The ogre shouts!
You rampage towards the ogre!
You sock the ogre! You headbutt the ogre!
The ogre is almost dead.
The ogre hits you with a +0 giant club!! x2
Ouch! That really hurt!
You die...

...#...#...#.....##### ##########
...#...#####.###.#...###........#
...#...#...#..##..###.##.####....
#.###.#.....#.##.## ##.#.# #.#.#
##...###...##.#.## ##..# #.#.#
#.....#.###.#...# #..# #.#.#
.#...#...#...#..## #.## #.#.#
.#####...#...###.## .## #.#.#
.#...#^..#...#..@.###.## #....
#..)..#.###.#.##O#......#######.#
##..)###...##.................#.#
#.###.#.....#......<.....####.#.#
...#...#...#..##.##......####.#.#
...#...#####.....##......##.....#
...#...#...#..#####.####.##.#.###
#.###.#.....#.#####.####.##.#.#
##...###...##.................#


You could see an ogre.

Vanquished Creatures
  2 scorpions (D:4)
  A hound (D:4)
  A jelly (D:4)
  A sleepcap (D:4)
  Robin (D:4)
  5 adders
  2 worms
  A dart slug (D:4)
  2 orcs
  9 endoplasms
  3 giant cockroaches
  20 goblins
  8 hobgoblins
  5 jackals
  5 kobolds
  5 quokkas
  5 ball pythons
  5 bats
  3 frilled lizards
  6 rats
90 creatures vanquished.

Notes
Turn   | Place    | Note
-------+----------+-------------------------------------------
     0 | D:1      | Darius099 the Minotaur Fighter began the quest for the Orb.
     0 | D:1      | Reached XP level 1. HP: 19/19 MP: 0/0
   177 | D:1      | Reached XP level 2. HP: 27/27 MP: 1/1
   218 | D:1      | Reached skill level 3 in Axes
   380 | D:1      | Found a faded altar of an unknown god.
   671 | D:1      | Reached XP level 3. HP: 33/33 MP: 2/2
   930 | D:2      | Reached skill level 4 in Axes
  1307 | D:2      | You fall into a shaft and drop 1 floor!
  1368 | D:3      | Identified the +1 chain mail of Foorashre {Rampage rElec
                  | Regen+ Dex-3}
  1421 | D:3      | Reached XP level 4. HP: 40/40 MP: 3/3
  1435 | D:3      | Found Wucisyc's Armour Emporium.
  1481 | D:3      | Reached skill level 5 in Axes
  1579 | D:3      | Found a blossoming altar of Fedhas.
  1943 | D:4      | Noticed a scorpion
  1949 | D:4      | Killed a scorpion
  1950 | D:4      | Reached skill level 6 in Axes
  1950 | D:4      | Reached XP level 5. HP: 44/46 MP: 4/4
  1967 | D:4      | Found Emank's Assorted Antiques.
  1971 | D:4      | Found Hixty's General Store.
  1971 | D:4      | Found Mikhlafu's Weapon Emporium.
  1971 | D:4      | Found Tetoloah's Distillery.
  1975 | D:4      | Bought a tubular marble ring for 110 gold pieces
  2108 | D:4      | Identified the +1 helmet "Milaih" {Rampage rF- rCorr Dex-5}
  2108 | D:4      | Noticed Robin
  2111 | D:4      | Killed Robin
  2112 | D:4      | Reached skill level 7 in Axes
  2187 | D:4      | Reached XP level 6. HP: 38/52 MP: 5/5
  2498 | D:4      | Reached skill level 8 in Axes
  2557 | D:4      | Slain by an ogre

Illustrated notes

Levels and vault maps discovered:
D:1:      lightli_arrival_quake, layout_basic, chequers_ecumenical_altar_island
D:2:      layout_loops_cross, serial_rivers, chequers_serial_rivers_room_a,
          chequers_serial_rivers_room_b, chequers_serial_rivers_small_a,
          chequers_serial_rivers_large_a, chequers_serial_rivers_room_a
D:3:      kennysheep_big_flooded_room, layout_basic, fedhas_altar_1,
          serial_shops, nicolae_diamond_shop, grunt_ministairs_6
D:4:      nicolae_cairo_tiling, layout_loops_cross, minmay_shop_grid_forest,
          uniq_robin

Skill      XL: |  1  2  3  4  5  6 |
---------------+-------------------+-----
Axes           | 3 4 6 7 8 |  8.0
Fighting       | |  3.8
Armour         | |  3.8
Shields        | |  3.8

Action                     |  1- 3 |  4- 6 || total
---------------------------+-------+-------++-------
  Melee: War axe           |    67 |       ||    67
         Headbutt          |     6 |     9 ||    15
         Mace              |    29 |    80 ||   109
 Armour: Scale mail        |    45 |       ||    45
         Chain mail        |     3 |    59 ||    62
  Dodge: Dodged            |    48 |    36 ||    84
  Block: Buckler           |    22 |    26 ||    48

Table legend: (Time is in decaauts)
 A = Elapsed time spent in this place.
 B = Non-inter-level travel time spent in this place.
 C = Inter-level travel time spent in this place.
 D = Time resting spent in this place.
 E = Time spent auto-exploring this place.
 F = Levels seen in this place.
 G = Mean time per level.
                   A        B        C        D        E       F      G
               +--------+--------+--------+--------+--------+-----+--------+
         Total |   2679 |   2679 |      0 |      0 |   1646 |   4 |  669.8 |
       Dungeon |   2679 |   2679 |      0 |      0 |   1646 |   4 |  669.8 |
               +--------+--------+--------+--------+--------+-----+--------+

Top non-repeatable levels by time:
     D:1: 874 daAuts
     D:3: 673 daAuts
     D:4: 660 daAuts
     D:2: 470 daAuts
